AoeStats
← [ NuMa] Knightwheels

Four Lakes

509789544Analyzed
1v1 RM · 2d ago on Sep 28, 2026· 56m 51s· 2 players
Game mode
Random Map
Map size
Tiny (2 player)
Population
200
Speed
Normal
Resources
Standard
Victory
Conquest
Starting age
Dark Age
Ending age
Imperial Age
RankedLock teamsTeams togetherTeam positionsShared explorationLock speedFull tech treeHidden civsTurbo modeCheats
Victory
Defeat
🇵🇪 Poles · Peru
396
+20
🇨🇴 Bulgarians · Colombia
479
-20
TYSON
10:57 Feudal Age
9:14 Loom
14:14 Double-Bit Axe
17:19 Horse Collar
19:57 Forging
19:57 Scale Barding Armor
26:14 Castle Age
27:21 Fletching
27:31 Padded Archer Armor
28:11 Crossbowman
28:53 Bodkin Arrow
29:16 Heavy Plow
30:32 Leather Archer Armor
33:41 Gold Mining
34:54 Stone Mining
41:13 Imperial Age
41:23 Iron Casting
41:09 Chain Barding Armor
43:57 Blast Furnace
44:18 Chemistry
44:23 Wheelbarrow
43:36 Town Watch
44:36 Ballistics
45:32 Bloodlines
46:04 Husbandry
45:56 Cavalier
51:59 Pikeman
52:39 Squires
52:46 Scale Mail Armor
53:36 Conscription
54:04 Chain Mail Armor
56:11 Man-at-Arms
[ NuMa] Knightwheels
0:28 Loom
11:36 Feudal Age
13:15 Double-Bit Axe
14:27 Horse Collar
21:34 Castle Age
22:06 Scale Mail Armor
24:16 Pikeman
24:57 Squires
25:48 Chain Mail Armor
25:47 Forging
25:55 Fishing Lines
30:32 Wheelbarrow
30:03 Gambesons
30:37 Chain Mail Armor
30:51 Fletching
35:18 Bodkin Arrow
36:09 Bloodlines
36:02 Husbandry
36:08 Scale Barding Armor
36:40 Iron Casting
37:08 Gold Mining
37:41 Bow Saw
40:22 Masonry
41:28 Gillnets
44:59 Imperial Age
42:16 Town Watch
42:47 Hand Cart
44:28 Stirrups
45:06 Ballistics
46:04 Conscription
46:34 Gold Shaft Mining
46:45 Chain Barding Armor
47:56 Plate Barding Armor
49:19 Bracer
50:48 Blast Furnace
50:41 Light Cavalry
51:55 Plate Mail Armor
52:46 Chemistry
52:01 Hussar
55:16 Padded Archer Armor
56:05 Elite Konnik
56:28 Halberdier
Connection lost

Rejoining the realm…

Still unreachable

The connection could not be restored.

Session expired

The server has moved on; the page needs a fresh start.